 Dungeon Crawl Stone Soup version 0.25-a0-435-g4b9beb1024 (webtiles) character file.

Game seed: 12727206415107163741, levelgen mode: deterministic

751 kae the Grappler (level 7, -1/55 HPs)
             Began as a Ghoul Gladiator on Jan 29, 2020.
             Was a Believer of Makhleb.
             Slain by a phantom (7 damage)
             ... on level 5 of the Dungeon.
             The game lasted 00:03:46 (3328 turns).

kae the Grappler (Ghoul Gladiator)                  Turns: 3328, Time: 00:03:47

Health: -1/55      AC:  9    Str: 18    XL:     7   Next: 78%
Magic:  9/9        EV: 10    Int:  3    God:    Makhleb [**....]
Gold:   362        SH:  0    Dex: 12    Spells: 6/6 levels left

rFire    + . .     SeeInvis .     - Unarmed
rCold    + . .     Gourm    .   (no shield)
rNeg     + + +     Faith    .   u - +0 scale mail {rF+}
rPois    ∞         Spirit   .   b - +1 helmet
rElec    .         Reflect  .   l - +0 cloak
rCorr    .         Harm     .   (no gloves)
MR       .....                  (no boots)
Stlth    ..........             t - amulet of regeneration
HPRegen  0.00/turn              (no ring)
MPRegen  0.11/turn              (no ring)

@: rotting
A: rotting body, claws 1, carnivore, cold resistance 1, negative energy
resistance 3, inhibited regeneration, torment resistance, unbreathing
a: Minor Destruction, Renounce Religion


You were on level 5 of the Dungeon.
You worshipped Makhleb.
Makhleb was pleased with you.
You were not hungry.

You visited 1 branch of the dungeon, and saw 5 of its levels.

You collected 362 gold pieces.

Inventory:

Missiles
 c - 3 throwing nets (quivered)
Armour
 a - a +0 leather armour
 b - a +1 helmet (worn)
 l - a +0 cloak (worn)
 u - a +0 scale mail of fire resistance (worn)
Jewellery
 g - an uncursed amulet of magic regeneration
 m - a +3 ring of intelligence
 t - an amulet of regeneration (around neck)
Scrolls
 k - a scroll of amnesia
 n - 2 scrolls of remove curse
 o - a scroll of magic mapping
 p - 2 scrolls of enchant weapon
 q - 2 scrolls of fear
 w - a scroll of enchant armour
Potions
 e - a potion of resistance {unknown}
 h - a potion of cancellation {unknown}
 i - a potion of flight
 j - 2 potions of heal wounds
 r - a potion of might {unknown}
 s - a potion of agility {unknown}
 v - a potion of brilliance {unknown}
 z - a potion of lignification {unknown}
Comestibles
 d - 11 rations


   Skills:
 - Level 2.1 Fighting
 - Level 1.7 Throwing
 - Level 2.6 Dodging
 * Level 8.6 Unarmed Combat
 + Level 4.3 Invocations


You had 6 spell levels left.
You didn't know any spells.
Your spell library was empty.

Dungeon Overview and Level Annotations

Branches:
Dungeon (5/15)             Temple (0/1) D:4

Altars:
Cheibriados
Makhleb
Uskayaw


Innate Abilities, Weirdness & Mutations

Your body is rotting away.
You thrive on raw meat.
You are immune to poison.
You have sharp fingernails.
You are carnivorous and can eat meat at any time.
Your flesh is cold resistant. (rC+)
You are immune to negative energy. (rN+++)
You do not regenerate when monsters are visible.
You are immune to unholy pain and torment.
You can survive without breathing.


Message History

The orc priest hits you with a +0 mace.
* * * LOW HITPOINT WARNING * * *
The phantom hits you.
* * * LOW HITPOINT WARNING * * *
Eat a chunk of flesh? (ye/n/q)
You eat the chunk of flesh.
This raw flesh tastes great!
The phantom hits you but does no damage.
You scratch the orc priest.
The orc priest is moderately wounded.
The orc priest misses you.
You completely miss the orc priest.
The orc priest is moderately wounded.
The phantom hits you.
The orc priest calls down the wrath of Beogh upon you.
Beogh smites you!
* * * LOW HITPOINT WARNING * * *
You claw the orc priest!
The orc priest is severely wounded.
The phantom hits you!
You die...

................#
................#.......
....)...........+.......
####[############.......
........................
........................
........................
........................
..............))@o......
##.....#+######(#W....<.
#.....#....#...+.......
#.....'....'...#.......
#.....#....#...#.......
+.....#....#...#.......
#.....#...###+##.......
#.....#...# .......
#...[.#...#


You could see a phantom and an orc priest.

Vanquished Creatures
  Edmund (D:4)
  A centaur (D:5)
  A scorpion (D:5)
  3 orc priests (D:5)
  3 hounds
  A bullfrog skeleton (D:4)
  An iguana (D:4)
  2 orc wizards
  A worker ant (D:5)
  8 adders
  2 oozes
  2 worms
  A dart slug (D:4)
  2 leopard geckos
  16 orcs
  7 bats
  4 giant cockroaches
  6 goblins
  9 hobgoblins
  5 jackals
  10 kobolds
  4 quokkas
  3 ball pythons
  3 frilled lizards
  A jackal skeleton (D:4)
  A quokka skeleton (D:5)
  6 rats
104 creatures vanquished.

Notes
Turn   | Place    | Note
-------+----------+-------------------------------------------
     0 | D:1      | kae the Ghoul Gladiator began the quest for the Orb.
     0 | D:1      | Reached XP level 1. HP: 17/17 MP: 0/0
    65 | D:1      | Reached XP level 2. HP: 22/24 MP: 1/1
   146 | D:1      | Reached skill level 4 in Unarmed Combat
   289 | D:1      | Reached XP level 3. HP: 24/29 MP: 2/2
   615 | D:2      | Reached skill level 5 in Unarmed Combat
   977 | D:2      | Found a burning altar of Makhleb.
   995 | D:2      | Reached XP level 4. HP: 28/36 MP: 3/3
  1004 | D:2      | Became a worshipper of Makhleb the Destroyer
  1179 | D:2      | Found a hide-covered altar of Uskayaw.
  1604 | D:3      | Found a snail-covered altar of Cheibriados.
  1705 | D:3      | Reached skill level 1 in Invocations
  1705 | D:3      | Reached XP level 5. HP: 36/41 MP: 4/4
  1725 | D:3      | Reached skill level 6 in Unarmed Combat
  1729 | D:3      | Reached * piety under Makhleb
  2227 | D:4      | Reached XP level 6. HP: 43/48 MP: 6/6
  2252 | D:4      | Noticed Edmund
  2277 | D:4      | Killed Edmund
  2277 | D:4      | Reached skill level 7 in Unarmed Combat
  2428 | D:4      | Reached ** piety under Makhleb
  2627 | D:4      | Reached XP level 7. HP: 55/55 MP: 8/8
  2700 | D:4      | Found a staircase to the Ecumenical Temple.
  3174 | D:5      | Entered Level 5 of the Dungeon
  3262 | D:5      | Reached skill level 8 in Unarmed Combat
  3328 | D:5      | Slain by a phantom

Levels and vault maps discovered:
D:1:      onia_arrival_pyramid, layout_basic
D:2:      minmay_inner_zag, layout_loops_corners, makhleb_heckhound_becter,
          lemuel_round_altar
D:3:      layout_basic, lemuel_doored_altar
D:4:      layout_loops_corners, temple_green, first_ration,
          minmay_fractal_squares_gapless_5, uniq_edmund
D:5:      layout_gridville, elyvilon_altar_3, gammafunk_temple_overflow_pools,
          gammafunk_ghost_grave

Skill      XL: |  1  2  3  4  5  6  7 |
---------------+----------------------+-----
Unarmed Combat | 4 5 6 7 8 |  8.6
Invocations    | 1 2 3 4 |  4.3
Fighting       | |  2.1
Throwing       | |  1.7
Dodging        | |  2.6

Action                   |  1- 3 |  4- 6 |  7- 9 || total
-------------------------+-------+-------+-------++-------
Melee: Unarmed           |   115 |   163 |    99 ||   377
       Punch             |     3 |     5 |     4 ||    12
  Use: Scroll            |     1 |     9 |     4 ||    14
       Potion            |       |     1 |     1 ||     2
  Eat: Chunk             |    13 |    12 |     9 ||    34
Armor: Leather armour    |    32 |    28 |       ||    60
       Scale mail        |       |     7 |    54 ||    61
Dodge: Dodged            |    91 |    81 |    48 ||   220

Table legend:
 A = Non-vault XP
 B = Vault XP
 C = Vault XP percentage of total XP
 D = Non-vault monster count
 E = Vault monster count
 F = Vault count percentage of total count
                 A         B        C        D         E       F
            +---------+---------+-------+---------+---------+-------
      Total |     851 |     223 |  20.8 |      94 |      10 |   9.6
            +---------+---------+-------+---------+---------+-------
        D:1 |      40 |       0 |   0.0 |      20 |       0 |   0.0
        D:2 |      55 |      50 |  47.6 |      16 |       6 |  27.3
        D:3 |     171 |       0 |   0.0 |      28 |       0 |   0.0
        D:4 |     145 |     173 |  54.4 |      11 |       4 |  26.7
        D:5 |     440 |       0 |   0.0 |      19 |       0 |   0.0
            +---------+---------+-------+---------+---------+-------
